 Dungeon Crawl Stone Soup version 0.30-a0-860-g512cf1e979 (webtiles) character file.

Game seed: 4677173863904261794

693 qeuew the Covered (level 7, -16/55 HPs)
             Began as a Formicid Fighter on Mar 7, 2023.
             Demolished by an ogre
             ... wielding a +0 giant club
              (19 damage)
             ... on level 5 of the Dungeon.
             The game lasted 00:05:21 (3379 turns).

qeuew the Covered (Formicid Fighter)                Turns: 3379, Time: 00:05:23

Health: -16/55     AC:  9    Str: 30    XL:     7   Next: 96%
Magic:  7/7        EV: 10    Int:  7    God:
Gold:   215        SH:  5    Dex: 14    Spells: 6/6 levels left

rFire   . . .      SeeInvis +    a - +0 flail
rCold   . . .      Faith    .    c - +0 buckler
rNeg    . . .      Spirit   .    b - +0 scale mail
rPois   .          Reflect  .    (helmet unavailable)
rElec   .          Rampage  .    (no cloak)
rCorr   .                        (no gloves)
Will    .....                    (no boots) Stlth
                                 (no amulet)
HPRegen 0.29/turn                g - +6 ring of strength
MPRegen 0.10/turn                (no ring)

@: no status effects
A: permanent stasis, dig shafts and tunnels, antennae 3, four strong arms,
iridescent scales 1, strong 1
a: Dig, Shaft Self


You were on level 5 of the Dungeon.
You visited 1 branch of the dungeon, and saw 5 of its levels.

You collected 237 gold pieces.
You spent 22 gold pieces at shops.

Inventory:

Hand Weapons
 a - a +0 flail (weapon)
Armour
 b - a +0 scale mail (worn)
 c - a +0 buckler (worn)
Jewellery
 g - a +6 ring of strength (left hand)
Wands
 f - a wand of polymorph (11)
 h - a wand of quicksilver (6)
Scrolls
 e - 2 scrolls of fog
Potions
 d - 4 potions of might
 i - 2 potions of brilliance
 j - 2 potions of flight
 k - a potion of magic
 m - a potion of mutation
 o - a potion of haste


   Skills:
 + Level 4.8 Fighting
 * Level 4.8 Maces & Flails
 * Level 5.9 Armour
 + Level 5.8 Shields
 + Level 1.9 Evocations


You had 6 spell levels left.
You didn't know any spells.
Your spell library contained the following spells:

 Spells                   Type           Power      Damage    Failure   Level
 Summon Small Mammal      Summ           0%         N/A       73%         1
 Ensorcelled Hibernation  Hex/Ice        0%         N/A       86%         2
 Lesser Beckoning         Tloc           0%         N/A       86%         2
 Momentum Strike          Conj/Tloc      0%         3d8       86%         2
 Passwall                 Tmut/Erth      0%         N/A       86%         2
 Static Discharge         Conj/Air       0%         2-2/arc   86%         2
 Call Canine Familiar     Summ           0%         N/A       97%         3
 Summon Guardian Golem    Hex/Summ       0%         N/A       97%         3
 Vhi's Electric Charge    Tloc/Air       0%         N/A       97%         3
 Arcjolt                  Conj/Air       0%         1d10      100%        5
 Lightning Bolt           Conj/Air       0%         1d11      100%        5
 Blink                    Tloc           Unusable   N/A       N/A         2
 Swiftness                Air            Unusable   N/A       N/A         3

Dungeon Overview and Level Annotations

Branches:
Dungeon (5/15)
 Temple: D:4-7

Altars:
Wu Jian

Shops:
D:1 [((?   D:2 (


Innate Abilities, Weirdness & Mutations

You cannot be hasted, slowed, berserked, paralysed or teleported.
You can dig through walls and to a lower floor.
You have a pair of large antennae on your head. (SInv)
Your four strong arms can wield two-handed weapons with a shield.
You are partially covered in iridescent scales. (AC +2)
Your muscles are strong. (Str +4, Int/Dex -1)


Message History

You thump the skeletal bat!
You destroy the skeletal bat!
The phase bat blinks!
You barely miss the ogre. The skeletal bat closely misses you.
The skeletal bat misses you.
You hit the ogre but do no damage.
The skeletal bat hits you but does no damage.
You block the skeletal bat's attack.
The phase bat hits you but does no damage.
The ogre hits you with a +0 giant club!
The skeletal bat hits you but does no damage.
You are too injured to fight recklessly!
You are too injured to fight recklessly!
You are too injured to fight recklessly!
You are too injured to fight recklessly!
You are too injured to fight recklessly!
You are too injured to fight recklessly!
You are too injured to fight recklessly!
You are too injured to fight recklessly!
You are too injured to fight recklessly!
You are too injured to fight recklessly!
You are too injured to fight recklessly!
You are too injured to fight recklessly!
You are too injured to fight recklessly!
Unknown command.
You hit the ogre but do no damage. The skeletal bat barely misses you. x2
The phase bat barely misses you.
The skeletal bat hits you but does no damage.
The ogre hits you with a +0 giant club!!
* * * LOW HITPOINT WARNING * * *
The skeletal bat barely misses you.
Okay, then.
Okay, then.
You hit the ogre.
The ogre is lightly wounded.
The skeletal bat misses you. The skeletal bat barely misses you.
The phase bat hits you but does no damage.
The skeletal bat hits you but does no damage.
The ogre hits you with a +0 giant club!!
You die...

#......... ##......$..
#..... ..# {{ #....
...#. {{ #...##..... {
#.........# ###
###......... .###..
###..ZOb......
#.......##.#..)@#.l....
.............##.# .....
............##.)#......
.....#......###†.......
.....#...#...##...##...
#.....#...........# #
#........###.#...#
#.......#####...##
....#..#....#......#


You could see an ogre, a phase bat and a skeletal bat.

Vanquished Creatures
  An ice beast (D:5)
  A phantom (D:3)
  A scorpion (D:4)
  3 howler monkeys
  2 iguanas
  Natasha (twice) (D:2)
  3 orc wizards
  A gnoll (D:1)
  An adder (D:2)
  A white imp (D:4)
  A dart slug (D:4)
  16 orcs
  A spectral bat (D:5)
  A bat skeleton (D:5)
  5 endoplasms
  3 giant cockroaches
  7 goblins
  11 hobgoblins
  5 jackals
  6 quokkas
  7 ball pythons
  9 bats
  7 frilled lizards
  4 kobolds
  3 rats
102 creatures vanquished.

Notes
Turn   | Place    | Note
-------+----------+-------------------------------------------
     0 | D:1      | qeuew the Formicid Fighter began the quest for the Orb.
     0 | D:1      | Reached XP level 1. HP: 18/18 MP: 1/1
     6 | D:1      | Found Xaompear's Weapon Boutique.
    78 | D:1      | Reached XP level 2. HP: 15/24 MP: 2/2
   198 | D:1      | Found Ihetuber's Antique Armour Shop.
   239 | D:1      | Found Fisaxtish's Weapon Emporium.
   422 | D:1      | Found Esopp's Magic Scroll Emporium.
   425 | D:1      | Reached XP level 3. HP: 29/29 MP: 3/3
   452 | D:1      | Bought a scroll of identify for 22 gold pieces
   607 | D:1      | Gained mutation: Your body sometimes deteriorates upon
                  | taking damage. [potion of mutation]
   607 | D:1      | Gained mutation: Your flesh is heat resistant. (rF+)
                  | [potion of mutation]
   607 | D:1      | Gained mutation: Your flesh is very heat resistant. (rF++)
                  | [potion of mutation]
   863 | D:2      | Reached XP level 4. HP: 33/35 MP: 4/4
   881 | D:2      | Found Gocof's Weapon Shoppe.
   942 | D:2      | Noticed Natasha
   952 | D:2      | Killed Natasha
  1111 | D:2      | You fall into a shaft and drop 1 floor!
  1114 | D:3      | Noticed a phantom
  1140 | D:2      | Noticed Natasha
  1144 | D:2      | Killed Natasha
  1145 | D:2      | Reached XP level 5. HP: 42/42 MP: 5/5
  1434 | D:3      | Killed a phantom
  1435 | D:3      | Reached skill level 5 in Shields
  1435 | D:3      | Lost mutation: Your flesh is very heat resistant. (rF++)
                  | [potion of mutation]
  1435 | D:3      | Lost mutation: Your body sometimes deteriorates upon taking
                  | damage. [potion of mutation]
  1435 | D:3      | Lost mutation: Your flesh is heat resistant. (rF+) [potion
                  | of mutation]
  1435 | D:3      | Gained mutation: You are partially covered in iridescent
                  | scales. (AC +2) [potion of mutation]
  1435 | D:3      | Gained mutation: Your muscles are strong. (Str +4, Int/Dex
                  | -1) [potion of mutation]
  1629 | D:3      | Reached XP level 6. HP: 38/48 MP: 6/6
  1847 | D:3      | Found an ornate altar of the Wu Jian Council.
  2343 | D:4      | Reached skill level 5 in Armour
  2651 | D:4      | Reached skill level 1 in Evocations
  2651 | D:4      | Reached XP level 7. HP: 49/55 MP: 7/7
  3240 | D:5      | Entered Level 5 of the Dungeon
  3379 | D:5      | Demolished by an ogre

Illustrated notes

Levels and vault maps discovered:
D:1:      dpeg_arrival_orchard, layout_rooms, serial_shops,
          nicolae_shop_window_shopping, nicolae_lakefront_shop,
          nicolae_shop_window_shopping, nicolae_square_shop, minmay_misc_feat_x
D:2:      layout_basic, serial_shops, shop, st_stairs_11, uniq_natasha
D:3:      layout_basic, marbit_many_paths, serial_co_window_serial,
          co_window_paths_b, co_window_paths_a, co_window_paths_b,
          co_window_paths_a, co_window_corner_a, co_window_paths_c,
          co_window_broadway_a, co_window_broadway_a, co_window_corner_ca,
          co_window_paths_d, glass_columns_b, glass_columns_a, glass_columns_a,
          glass_columns_a, glass_columns_b
D:4:      layout_loops_ring
D:5:      layout_cave_pools, gammafunk_ghost_hive, goddamned_bats

Skill      XL: |  1  2  3  4  5  6 |
---------------+-------------------+-----
Armour         | 4 5 |  5.9
Maces & Flails | 3 4 |  4.8
Fighting       | 4 |  4.8
Shields        | 5 |  5.8
Evocations     | 1 |  1.9

Action                     |  1- 3 |  4- 6 |  7- 9 || total
---------------------------+-------+-------+-------++-------
  Melee: Flail             |   110 |   171 |    74 ||   355
    Use: Scroll            |     6 |     4 |     3 ||    13
         Potion            |     1 |     3 |       ||     4
 Armour: Scale mail        |    61 |    63 |    61 ||   185
  Dodge: Dodged            |    72 |    70 |    62 ||   204
  Block: Buckler           |    38 |    37 |    29 ||   104

Table legend: (Time is in decaauts)
 A = Elapsed time spent in this place.
 B = Non-inter-level travel time spent in this place.
 C = Inter-level travel time spent in this place.
 D = Time resting spent in this place.
 E = Time spent auto-exploring this place.
 F = Levels seen in this place.
 G = Mean time per level.
                   A        B        C        D        E       F      G
               +--------+--------+--------+--------+--------+-----+--------+
         Total |   3471 |   3354 |    117 |      0 |   2566 |   5 |  694.2 |
       Dungeon |   3471 |   3354 |    117 |      0 |   2566 |   5 |  694.2 |
               +--------+--------+--------+--------+--------+-----+--------+

Top non-repeatable levels by time:
     D:3: 956 daAuts
     D:4: 953 daAuts
     D:2: 747 daAuts
     D:1: 663 daAuts
     D:5: 150 daAuts
